Devils vs Whalers

Created - 3 janvier 2018 at 08:49

Goals
1 2 3 T
Devils 1 2 0 3
Whalers 2 2 2 6
Shots
1 2 3 T
Devils 12 13 5 30
Whalers 13 9 9 31

1st period

1. Devils , Linden Vey 2 (Conor Sheary 13, Chris Conner 1) at 13:07
2. Whalers , Loui Eriksson 9 (BROCK BOESER 7) at 14:08 (PP)
3. Whalers , Phil Kessel 11 (Derek Stepan 24, Dustin Byfuglien 25) at 14:24

Penalties :
Steven Stamkos (NJD) for Interference (Minor) at 13:32

2nd period

4. Devils , Brayden Point 4 (Danton Heinen 3, Dominic Moore 7) at 2:36
5. Whalers , Jonny Brodzinski 3 (Scott Hartnell 8, Jaycob Megna 2) at 6:49
6. Whalers , Loui Eriksson 10 (BROCK BOESER 8, Austin Watson 8) at 7:05
7. Devils , Linden Vey 3 (Conor Sheary 14, Ben Lovejoy 4) at 17:53

Penalties :
Dustin Byfuglien (HAR) for High sticking (Minor) at 0:07, Matt Hunwick (NJD) for Hooking (Minor) at 9:57, Scott Hartnell (HAR) for Hooking (Minor) at 13:32

3rd period

8. Whalers , Dennis Wideman 2 (Lance Bouma 3, Drake Caggiula 7) at 13:32
9. Whalers , Jonny Brodzinski 4 (Scott Hartnell 9) at 19:54

Penalties :
Nick Holden (NJD) for Tripping (Minor) at 7:36

Goalie Stats

Steve Mason (NJD), 10 saves from 12 shots - (0,833), 32:55 minutes
Scott Darling (NJD), 15 saves from 19 shots - (0,789), L, 13-9-5, 27:05 minutes
Louis Domingue (HAR), 27 saves from 30 shots - (0,900), W, 2-1-0, 60:00 minutes

Players Stats for Devils

Player Name              G  A  P  +/- PIM S  H  SB GA TA FO     MP     PP MP  PK MP  
------------------------------------------------------------------------------------
Alexander Edler          0  0  0  -3  0   1  2  3  0  2  0/0    27:29   2:42   3:05 
Andrew Cogliano          0  0  0  -2  0   1  0  0  0  0  0/0    16:59   1:32   1:08 
Ben Lovejoy              0  1  1   1  0   0  0  1  0  1  0/0    20:24   1:16   1:38 
Brayden Point            1  0  1  -1  0   2  0  1  0  1  1/1    12:03   0:00   1:14 
Chris Conner             0  1  1   2  0   1  1  1  0  0  0/0     9:46   0:09   0:00 
Conor Sheary             0  2  2   2  0   2  1  1  2  1  0/5     9:15   0:00   0:00 
Danton Heinen            0  1  1  -1  0   0  2  0  1  0  1/1    11:11   0:00   0:00 
Dmitry Kulikov           0  0  0   0  0   0  0  0  0  0  0/0    13:15   0:00   0:49 
Dominic Moore            0  1  1  -1  0   0  0  0  0  0  2/5    10:49   0:00   0:00 
Linden Vey               2  0  2   2  0   3  1  0  0  0  0/0     9:15   0:00   0:00 
Matt Hunwick             0  0  0   0  2   1  0  2  0  2  0/0    12:31   0:00   0:15 
Nazem Kadri              0  0  0  -1  0   2  1  0  0  0  2/3    20:23   2:17   1:01 
Nick Holden              0  0  0   1  2   1  0  1  0  1  0/0    19:25   1:16   0:40 
Shea Weber               0  0  0  -3  0   1  2  1  2  1  0/0    27:05   2:42   2:41 
Steven Stamkos           0  0  0  -1  2   6  5  0  0  0  17/27  21:24   2:26   2:04 
T.J. Oshie               0  0  0  -1  0   7  3  0  0  0  0/2    22:02   2:26   2:40 
Tanner Pearson           0  0  0  -2  0   0  2  0  0  0  0/0    15:28   1:32   0:00 
Tyler Johnson            0  0  0  -2  0   2  1  0  1  0  8/15   16:39   1:32   1:01 

Players Stats for Whalers

Player Name              G  A  P  +/- PIM S  H  SB GA TA FO     MP     PP MP  PK MP  
------------------------------------------------------------------------------------
Austin Watson            0  1  1   1  0   1  4  0  0  0  4/10   16:20   2:02   0:00 
BROCK BOESER             0  2  2   1  0   4  2  0  1  0  0/0    17:49   2:05   1:05 
Brooks Orpik             0  0  0   2  0   0  1  0  0  1  0/0    21:48   2:16   1:53 
Byron Froese             0  0  0   1  0   2  1  0  0  0  0/0     7:26   0:00   0:00 
Dennis Wideman           1  0  1   2  0   1  3  0  1  1  0/0    21:34   2:16   1:39 
Derek Stepan             0  1  1  -1  0   4  1  0  0  1  15/28  21:54   2:23   2:08 
Drake Caggiula           0  1  1   1  0   0  0  0  2  0  0/0     8:34   0:06   0:45 
Dustin Byfuglien         0  1  1   1  2   2  0  0  0  0  0/0    25:34   2:18   1:16 
Jaycob Megna             0  1  1  -1  0   0  2  0  0  0  0/0    12:58   0:00   0:49 
Jonny Brodzinski         2  0  2   1  0   3  1  0  1  1  4/8    12:35   0:00   0:45 
Kris Russell             0  0  0   1  0   0  0  3  0  0  0/0    26:17   2:18   2:19 
Kris Versteeg            0  0  0  -1  0   1  1  1  0  0  0/2    21:12   2:23   1:05 
Lance Bouma              0  1  1   1  0   0  1  0  0  0  3/6     7:26   0:00   0:00 
Loui Eriksson            2  0  2   1  0   4  1  1  0  0  0/0    16:23   2:05   0:00 
Phil Kessel              1  0  1  -1  0   5  1  0  4  0  2/5    21:54   2:23   2:08 
Ryan Callahan            0  0  0   1  0   0  1  0  0  0  0/0    11:59   0:06   0:00 
Ryan Pulock              0  0  0  -1  0   0  0  0  0  2  0/0    12:09   0:00   0:00 
Scott Hartnell           0  2  2   1  2   4  1  0  0  0  0/0    12:08   0:09   0:00 

3 Stars

1 - Loui Eriksson (HAR)
2 - Jonny Brodzinski (HAR)
3 - Linden Vey (NJD)

Power Play

Devils - 0 on 2 Attempt(s) - 0,00%
Whalers - 1 on 3 Attempt(s) - 33,33%

Penalty Kill

Devils - 2 on 3 Attempt(s) - 66,67% - Score 0 goal in Penalty Kill
Whalers - 2 on 2 Attempt(s) - 100,00% - Score 0 goal in Penalty Kill

Team Stat

Devils - Hits : 21 - Faceoff Wins : 31 - Blocked Shots : 11 - Penalty Minutes : 6
Whalers - Hits : 21 - Faceoff Wins : 28 - Blocked Shots : 5 - Penalty Minutes : 4

Official

Referees : Steve Kozari and Kelly Sutherland
Linesman : Tim Nowak and John Grandt

Game Notes

Steve Mason enters game at 7:05 of 2nd period

Finance

Level 1 -- Attendance: 5954 (99,23%) -- Ticket Income 446 550 $
Level 2 -- Attendance: 3413 (68,26%) -- Ticket Income 221 845 $
Level 3 -- Attendance: 1192 (59,60%) -- Ticket Income 53 640 $
Level 4 -- Attendance: 2027 (50,68%) -- Ticket Income 70 945 $
Luxury Box -- Attendance: 999 (99,90%) -- Ticket Income 124 875 $
Game was played at the The Fishbowl.
Total Attendance: 13585 (75,47%)
Total Ticket Income: 917 855 $
Other Income: 449 749 $
Total Income: 1 367 604 $

Devils

5 vs 5 Forward 
   Center                   Left Wing                Right Wing               Time % Phy DF OF 
 1 Steven Stamkos           T.J. Oshie               Nazem Kadri              40     1   2  2  
 2 Tyler Johnson            Tanner Pearson           Andrew Cogliano          30     1   2  2  
 3 Dominic Moore            Danton Heinen            Brayden Point            20     1   2  2  
 4 Conor Sheary             Chris Conner             Linden Vey               10     1   2  2  

5 vs 5 Defense 
   Defense                  Defense                                           Time % Phy DF OF 
 1 Shea Weber               Alexander Edler                                   40     1   2  2  
 2 Nick Holden              Ben Lovejoy                                       30     1   2  2  
 3 Matt Hunwick             Dmitry Kulikov                                    20     1   2  2  
 4 Shea Weber               Alexander Edler                                   10     1   2  2  

PowerPlay Forward 
   Center                   Left Wing                Right Wing               Time % Phy DF OF 
 1 Steven Stamkos           T.J. Oshie               Nazem Kadri              60     1   2  2  
 2 Tyler Johnson            Tanner Pearson           Andrew Cogliano          40     1   2  2  

PowerPlay Defense
   Defense                  Defense                                           Time % Phy DF OF 
 1 Shea Weber               Alexander Edler                                   60     1   2  2  
 2 Nick Holden              Ben Lovejoy                                       40     1   2  2  

Penalty Kill 4 Players Forward 
   Center                   Wing                     Time % Phy DF OF 
 1 Steven Stamkos           T.J. Oshie               60     1   2  2  
 2 Nazem Kadri              Tyler Johnson            40     1   2  2  

Penalty Kill 4 Players Defense
   Defense                  Defense                  Time % Phy DF OF 
 1 Shea Weber               Alexander Edler          60     1   2  2  
 2 Nick Holden              Ben Lovejoy              40     1   2  2  

Penalty Kill - 3 Players Forward 
   Forward                                           Time % Phy DF OF 
 1 Steven Stamkos                                    60     1   2  2  
 2 T.J. Oshie                                        40     1   2  2  

Penalty Kill - 3 Players Defense
   Defense                  Defense                  Time % Phy DF OF 
 1 Shea Weber               Alexander Edler          60     1   2  2  
 2 Nick Holden              Ben Lovejoy              40     1   2  2  

4 vs 4 Forward 
   Center                   Wing                     Time % Phy DF OF 
 1 Steven Stamkos           T.J. Oshie               60     1   2  2  
 2 Nazem Kadri              Tyler Johnson            40     1   2  2  

4 vs 4 Defense
   Defense                  Defense                  Time % Phy DF OF 
 1 Shea Weber               Alexander Edler          60     1   2  2  
 2 Nick Holden              Ben Lovejoy              40     1   2  2  

Last Minutes Offensive
   Center                   Left Wing                Right Wing               Defense                  Defense                  
   Steven Stamkos           T.J. Oshie               Nazem Kadri              Shea Weber               Alexander Edler          

Last Minutes Defensive
   Center                   Left Wing                Right Wing               Defense                  Defense                  
   Steven Stamkos           T.J. Oshie               Nazem Kadri              Shea Weber               Alexander Edler          

Goaltenders
Starting : Scott Darling            
Backup : Steve Mason              

Extra Forwards
Normal : Chris Conner, Danton Heinen, Nazem Kadri - PP : Chris Conner, Danton Heinen - PK : Brayden Point
Extra Defensemen
Normal : Matt Hunwick, Dmitry Kulikov, Nick Holden - PP : Matt Hunwick - PK : Dmitry Kulikov, Nick Holden
Penalty Shots
Steven Stamkos, T.J. Oshie, Nazem Kadri, Tyler Johnson, Tanner Pearson
Custom OT Lines Forwards
Steven Stamkos, T.J. Oshie, Nazem Kadri, Tyler Johnson, Tanner Pearson, Andrew Cogliano, Chris Conner, Danton Heinen, Brayden Point, Conor Sheary
Custom OT Lines Defensemen
Shea Weber, Alexander Edler, Nick Holden, Ben Lovejoy, Matt Hunwick

Scratches
Alexander Debrincat (Left Hip Injury), Alexander Kerfoot (Healthy), Austin Czarnik (Healthy), Michal Neuvirth (Healthy)

Whalers

5 vs 5 Forward 
   Center                   Left Wing                Right Wing               Time % Phy DF OF 
 1 Derek Stepan             Kris Versteeg            Phil Kessel              40     0   2  3  
 2 Austin Watson            Loui Eriksson            BROCK BOESER             30     0   2  3  
 3 Jonny Brodzinski         Scott Hartnell           Ryan Callahan            20     0   2  3  
 4 Lance Bouma              Drake Caggiula           Byron Froese             10     1   2  2  

5 vs 5 Defense 
   Defense                  Defense                                           Time % Phy DF OF 
 1 Dustin Byfuglien         Kris Russell                                      40     0   2  3  
 2 Brooks Orpik             Dennis Wideman                                    30     0   2  3  
 3 Ryan Pulock              Jaycob Megna                                      20     0   2  3  
 4 Dustin Byfuglien         Kris Russell                                      10     1   2  2  

PowerPlay Forward 
   Center                   Left Wing                Right Wing               Time % Phy DF OF 
 1 Derek Stepan             Kris Versteeg            Phil Kessel              60     1   2  2  
 2 Austin Watson            Loui Eriksson            BROCK BOESER             40     1   2  2  

PowerPlay Defense
   Defense                  Defense                                           Time % Phy DF OF 
 1 Dustin Byfuglien         Kris Russell                                      60     1   2  2  
 2 Brooks Orpik             Dennis Wideman                                    40     1   2  2  

Penalty Kill 4 Players Forward 
   Center                   Wing                     Time % Phy DF OF 
 1 Phil Kessel              Derek Stepan             60     1   2  2  
 2 BROCK BOESER             Kris Versteeg            40     1   2  2  

Penalty Kill 4 Players Defense
   Defense                  Defense                  Time % Phy DF OF 
 1 Dustin Byfuglien         Kris Russell             60     1   2  2  
 2 Brooks Orpik             Dennis Wideman           40     1   2  2  

Penalty Kill - 3 Players Forward 
   Forward                                           Time % Phy DF OF 
 1 Phil Kessel                                       60     1   2  2  
 2 Derek Stepan                                      40     1   2  2  

Penalty Kill - 3 Players Defense
   Defense                  Defense                  Time % Phy DF OF 
 1 Dustin Byfuglien         Kris Russell             60     1   2  2  
 2 Brooks Orpik             Dennis Wideman           40     1   2  2  

4 vs 4 Forward 
   Center                   Wing                     Time % Phy DF OF 
 1 Phil Kessel              Derek Stepan             60     1   2  2  
 2 BROCK BOESER             Kris Versteeg            40     1   2  2  

4 vs 4 Defense
   Defense                  Defense                  Time % Phy DF OF 
 1 Dustin Byfuglien         Kris Russell             60     1   2  2  
 2 Brooks Orpik             Dennis Wideman           40     1   2  2  

Last Minutes Offensive
   Center                   Left Wing                Right Wing               Defense                  Defense                  
   Derek Stepan             Kris Versteeg            Phil Kessel              Dustin Byfuglien         Kris Russell             

Last Minutes Defensive
   Center                   Left Wing                Right Wing               Defense                  Defense                  
   Derek Stepan             Kris Versteeg            Phil Kessel              Dustin Byfuglien         Kris Russell             

Goaltenders
Starting : Louis Domingue           
Backup : Connor Hellebuyck        

Extra Forwards
Normal : Scott Hartnell, Ryan Callahan, Jonny Brodzinski - PP : Scott Hartnell, Ryan Callahan - PK : Jonny Brodzinski
Extra Defensemen
Normal : Ryan Pulock, Jaycob Megna, Brooks Orpik - PP : Ryan Pulock - PK : Jaycob Megna, Brooks Orpik
Penalty Shots
Dustin Byfuglien, Phil Kessel, Derek Stepan, BROCK BOESER, Kris Versteeg
Custom OT Lines Forwards
Dustin Byfuglien, Phil Kessel, Derek Stepan, BROCK BOESER, Kris Versteeg, Loui Eriksson, Scott Hartnell, Ryan Callahan, Austin Watson, Jonny Brodzinski
Custom OT Lines Defensemen
Dustin Byfuglien, Kris Russell, Brooks Orpik, Dennis Wideman, Ryan Pulock

Scratches
Nic Dowd (Healthy), Mark Barberio (Healthy)

% Time on Ice - Devils

Lines # - Real PCT - Wanted PCT - Time Play
Normal Forward
1 - 34% - 40% - 17:18
2 - 27% - 30% - 14:06
3 - 21% - 20% - 10:49
4 - 18% - 10% - 9:15
Normal Defense
1 - 38% - 40% - 19:36
2 - 34% - 30% - 17:30
3 - 24% - 20% - 12:16
4 - 4% - 10% - 2:06
PP Forward
1 - 61% - 60% - 2:26
2 - 39% - 40% - 1:32
PP Defense
1 - 68% - 60% - 2:42
2 - 32% - 40% - 1:16
PK Forward
1 - 78% - 60% - 3:33
2 - 22% - 40% - 1:01
PK Defense
1 - 59% - 60% - 2:41
2 - 41% - 40% - 1:53
PK3 Forward
1 - 0% - 60%
2 - 0% - 40%
PK3 Defense
1 - 0% - 60%
2 - 0% - 40%
44 Forward
1 - 0% - 60%
2 - 0% - 40%
44 Defense
1 - 0% - 60%
2 - 0% - 40%
Last Minute Offensive  - 0:00
Last Minute Defensive  - 0:00
Total
Forward - 60:00
Defense - 60:00

% Time on Ice - Whalers

Lines # - Real PCT - Wanted PCT - Time Play
Normal Forward
1 - 35% - 40% - 17:56
2 - 28% - 30% - 14:39
3 - 22% - 20% - 11:27
4 - 14% - 10% - 7:26
Normal Defense
1 - 39% - 40% - 19:49
2 - 34% - 30% - 17:18
3 - 24% - 20% - 12:09
4 - 4% - 10% - 2:12
PP Forward
1 - 54% - 60% - 2:29
2 - 46% - 40% - 2:05
PP Defense
1 - 50% - 60% - 2:18
2 - 50% - 40% - 2:16
PK Forward
1 - 73% - 60% - 2:53
2 - 27% - 40% - 1:05
PK Defense
1 - 69% - 60% - 2:44
2 - 31% - 40% - 1:14
PK3 Forward
1 - 0% - 60%
2 - 0% - 40%
PK3 Defense
1 - 0% - 60%
2 - 0% - 40%
44 Forward
1 - 0% - 60%
2 - 0% - 40%
44 Defense
1 - 0% - 60%
2 - 0% - 40%
Last Minute Offensive  - 0:00
Last Minute Defensive  - 0:00
Total
Forward - 60:00
Defense - 60:00

Play by Play

1st period


0:01 of 1st period - Steven Stamkos wins face-off versus Derek Stepan in neutral zone.
0:08 of 1st period - Snap shot by Steven Stamkos.
0:08 of 1st period - Shot Misses the Net.
0:10 of 1st period - Slapshot by Steven Stamkos.
0:10 of 1st period - Shot Misses the Net.
0:26 of 1st period - Kris Versteeg is hit by Shea Weber and loses puck.
1:33 of 1st period - Wrist shot by Steven Stamkos.
1:33 of 1st period - Deflect By T.J. Oshie.
1:33 of 1st period - Stopped by Louis Domingue with a rebound.
1:37 of 1st period - Snap shot by Steven Stamkos.
1:37 of 1st period - Stopped by Louis Domingue with a rebound.
1:43 of 1st period - Wrist shot by T.J. Oshie.
1:43 of 1st period - Stopped by Louis Domingue with a rebound.
1:53 of 1st period - Snap shot by BROCK BOESER.
1:53 of 1st period - Shot Misses the Net.
1:55 of 1st period - Snap shot by Loui Eriksson.
1:55 of 1st period - Shot Blocked by Matt Hunwick.
1:57 of 1st period - Slapshot by Brooks Orpik.
1:57 of 1st period - Shot Blocked by Matt Hunwick.
1:59 of 1st period - Backhand shot by Austin Watson.
1:59 of 1st period - Stopped by Scott Darling without a rebound.
2:00 of 1st period - Tyler Johnson wins face-off versus Jonny Brodzinski in Devils zone.
2:16 of 1st period - Icing by Jaycob Megna.
2:17 of 1st period - Nazem Kadri wins face-off versus Jonny Brodzinski in Whalers zone.
2:18 of 1st period - Slapshot by Steven Stamkos.
2:18 of 1st period - Stopped by Louis Domingue with a rebound.
2:39 of 1st period - Slapshot by Scott Hartnell.
2:39 of 1st period - Stopped by Scott Darling without a rebound.
2:40 of 1st period - Derek Stepan wins face-off versus Tyler Johnson in Devils zone.
3:05 of 1st period - Loui Eriksson is hit by Shea Weber and loses puck.
3:10 of 1st period - Wrist shot by T.J. Oshie.
3:10 of 1st period - Deflect By Nazem Kadri.
3:10 of 1st period - Stopped by Louis Domingue with a rebound.
3:12 of 1st period - Backhand shot by Alexander Edler.
3:12 of 1st period - Shot Misses the Net.
3:14 of 1st period - Wrist shot by T.J. Oshie.
3:14 of 1st period - Stopped by Louis Domingue without a rebound.
3:15 of 1st period - Dominic Moore wins face-off versus Derek Stepan in Whalers zone.
3:51 of 1st period - Snap shot by Loui Eriksson.
3:51 of 1st period - Stopped by Scott Darling without a rebound.
3:52 of 1st period - Tyler Johnson wins face-off versus Lance Bouma in Devils zone.
5:21 of 1st period - Ben Lovejoy is hit by Scott Hartnell and loses puck.
5:36 of 1st period - Snap shot by Brayden Point.
5:36 of 1st period - Deflect By Nazem Kadri.
5:36 of 1st period - Shot Misses the Net.
5:36 of 1st period - Puck is out of play.
5:37 of 1st period - Derek Stepan wins face-off versus Steven Stamkos in Whalers zone.
6:52 of 1st period - Wrist shot by Jonny Brodzinski.
6:52 of 1st period - Shot Blocked by Alexander Edler.
7:17 of 1st period - Ben Lovejoy is hit by Dennis Wideman and loses puck.
7:38 of 1st period - Wrist shot by Byron Froese.
7:38 of 1st period - Stopped by Scott Darling without a rebound.
7:39 of 1st period - Tyler Johnson wins face-off versus Austin Watson in Devils zone.
8:04 of 1st period - Derek Stepan is hit by T.J. Oshie and loses puck.
8:25 of 1st period - Slapshot by Shea Weber.
8:25 of 1st period - Deflect By Conor Sheary.
8:25 of 1st period - Shot Blocked by Kris Russell.
8:25 of 1st period - Puck is out of play.
8:26 of 1st period - Lance Bouma wins face-off versus Conor Sheary in Whalers zone.
8:26 of 1st period - Lance Bouma is hit by Alexander Edler.
8:32 of 1st period - Snap shot by Shea Weber.
8:32 of 1st period - Deflect By Conor Sheary.
8:32 of 1st period - Shot Misses the Net.
8:32 of 1st period - Puck is out of play.
8:33 of 1st period - Derek Stepan wins face-off versus Steven Stamkos in Whalers zone.
8:38 of 1st period - Jaycob Megna is hit by T.J. Oshie.
9:49 of 1st period - Snap shot by Byron Froese.
9:49 of 1st period - Stopped by Scott Darling without a rebound.
9:50 of 1st period - Steven Stamkos wins face-off versus Lance Bouma in Devils zone.
10:08 of 1st period - Wrist shot by Byron Froese.
10:08 of 1st period - Shot Misses the Net.
10:12 of 1st period - Slapshot by Dustin Byfuglien.
10:12 of 1st period - Stopped by Scott Darling with a rebound.
10:14 of 1st period - Wrist shot by Drake Caggiula.
10:14 of 1st period - Shot Blocked by Alexander Edler.
10:16 of 1st period - Slapshot by Brooks Orpik.
10:16 of 1st period - Shot Blocked by Alexander Edler.
10:20 of 1st period - Wrist shot by Drake Caggiula.
10:20 of 1st period - Shot Misses the Net.
10:22 of 1st period - Slapshot by Dennis Wideman.
10:22 of 1st period - Shot Misses the Net.
10:36 of 1st period - T.J. Oshie is hit by Byron Froese and loses puck.
10:49 of 1st period - Slapshot by T.J. Oshie.
10:49 of 1st period - Stopped by Louis Domingue without a rebound.
10:50 of 1st period - Tyler Johnson wins face-off versus Derek Stepan in Whalers zone.
10:51 of 1st period - Slapshot by Andrew Cogliano.
10:51 of 1st period - Shot Misses the Net.
10:53 of 1st period - Wrist shot by Andrew Cogliano.
10:53 of 1st period - Shot Misses the Net.
11:01 of 1st period - Wrist shot by Tanner Pearson.
11:01 of 1st period - Shot Misses the Net.
11:05 of 1st period - Wrist shot by Tanner Pearson.
11:05 of 1st period - Shot Misses the Net.
12:09 of 1st period - Kris Versteeg is hit by Danton Heinen and loses puck.
12:29 of 1st period - Alexander Edler is hit by Jaycob Megna.
12:49 of 1st period - Linden Vey is hit by Lance Bouma and loses puck.
13:05 of 1st period - Snap shot by Conor Sheary.
13:05 of 1st period - Stopped by Louis Domingue with a rebound.
13:07 of 1st period - Wrist shot by Linden Vey.
13:07 of 1st period - Goal by Linden Vey - Devils : 1 - Whalers : 0.
13:08 of 1st period - Steven Stamkos wins face-off versus Derek Stepan in neutral zone.
13:11 of 1st period - Kris Russell is hit by Steven Stamkos and loses puck.
13:32 of 1st period - Minor Penalty to Steven Stamkos for Interference.
13:33 of 1st period - Brayden Point wins face-off versus Derek Stepan in Devils zone.
14:06 of 1st period - Wrist shot by Loui Eriksson.
14:06 of 1st period - Shot Misses the Net.
14:08 of 1st period - Snap shot by Loui Eriksson.
14:08 of 1st period - Goal by Loui Eriksson - Devils : 1 - Whalers : 1.
14:09 of 1st period - Derek Stepan wins face-off versus Tyler Johnson in neutral zone.
14:22 of 1st period - Snap shot by Derek Stepan.
14:22 of 1st period - Stopped by Scott Darling with a rebound.
14:24 of 1st period - Wrist shot by Phil Kessel.
14:24 of 1st period - Goal by Phil Kessel - Devils : 1 - Whalers : 2.
14:25 of 1st period - Austin Watson wins face-off versus Steven Stamkos in neutral zone.
14:49 of 1st period - Icing by Derek Stepan.
14:50 of 1st period - Tyler Johnson wins face-off versus Derek Stepan in Whalers zone.
14:53 of 1st period - Snap shot by Tyler Johnson.
14:53 of 1st period - Stopped by Louis Domingue with a rebound.
15:03 of 1st period - Slapshot by Derek Stepan.
15:03 of 1st period - Shot Misses the Net.
15:05 of 1st period - Snap shot by Kris Versteeg.
15:05 of 1st period - Shot Misses the Net.
15:15 of 1st period - Dennis Wideman is hit by Nazem Kadri and loses puck.
15:46 of 1st period - Slapshot by Brayden Point.
15:46 of 1st period - Shot Misses the Net.
16:08 of 1st period - Snap shot by Scott Hartnell.
16:08 of 1st period - Stopped by Scott Darling without a rebound.
16:09 of 1st period - Derek Stepan wins face-off versus Steven Stamkos in Devils zone.
16:22 of 1st period - Snap shot by Phil Kessel.
16:22 of 1st period - Shot Blocked by Shea Weber.
16:24 of 1st period - Slapshot by Dustin Byfuglien.
16:24 of 1st period - Stopped by Scott Darling without a rebound.
16:25 of 1st period - Tyler Johnson wins face-off versus Austin Watson in Devils zone.
16:25 of 1st period - Tyler Johnson is hit by Austin Watson.
17:02 of 1st period - Snap shot by T.J. Oshie.
17:02 of 1st period - Stopped by Louis Domingue with a rebound.
17:13 of 1st period - Icing by Derek Stepan.
17:14 of 1st period - Jonny Brodzinski wins face-off versus Dominic Moore in Whalers zone.
17:14 of 1st period - Jonny Brodzinski is hit by Danton Heinen.
18:10 of 1st period - Wrist shot by Phil Kessel.
18:10 of 1st period - Stopped by Scott Darling without a rebound.
18:11 of 1st period - Nazem Kadri wins face-off versus Derek Stepan in Devils zone.
18:38 of 1st period - Brooks Orpik is hit by Tanner Pearson and loses puck.
19:28 of 1st period - Snap shot by Alexander Edler.
19:28 of 1st period - Stopped by Louis Domingue without a rebound.
19:29 of 1st period - Derek Stepan wins face-off versus Steven Stamkos in Whalers zone.
19:40 of 1st period - Slapshot by Phil Kessel.
19:40 of 1st period - Deflect By Kris Versteeg.
19:40 of 1st period - Stopped by Scott Darling without a rebound.
19:41 of 1st period - Derek Stepan wins face-off versus Tyler Johnson in Devils zone.
Goals for this period are 1 for Devils vs 2 for Whalers.
Shots for this period are 12 for Devils vs 13 for Whalers.

2nd period


0:01 of 2nd period - Steven Stamkos wins face-off versus Austin Watson in neutral zone.
0:07 of 2nd period - Minor Penalty to Dustin Byfuglien for High sticking.
0:08 of 2nd period - Steven Stamkos wins face-off versus Phil Kessel in Whalers zone.
0:33 of 2nd period - Derek Stepan is hit by Tyler Johnson.
2:07 of 2nd period - Penalty to Dustin Byfuglien is over, Dustin Byfuglien is back on ice.
2:09 of 2nd period - Wrist shot by BROCK BOESER.
2:09 of 2nd period - Stopped by Scott Darling with a rebound.
2:27 of 2nd period - Icing by Dominic Moore.
2:28 of 2nd period - Dominic Moore wins face-off versus Jonny Brodzinski in Devils zone.
2:28 of 2nd period - Dominic Moore is hit by Jonny Brodzinski.
2:36 of 2nd period - Backhand shot by Brayden Point.
2:36 of 2nd period - Goal by Brayden Point - Devils : 2 - Whalers : 2.
2:37 of 2nd period - Steven Stamkos wins face-off versus Phil Kessel in neutral zone.
2:46 of 2nd period - Snap shot by Steven Stamkos.
2:46 of 2nd period - Stopped by Louis Domingue without a rebound.
2:47 of 2nd period - Steven Stamkos wins face-off versus Kris Versteeg in Whalers zone.
2:56 of 2nd period - Snap shot by T.J. Oshie.
2:56 of 2nd period - Stopped by Louis Domingue with a rebound.
2:58 of 2nd period - Wrist shot by T.J. Oshie.
2:58 of 2nd period - Shot Misses the Net.
3:00 of 2nd period - Snap shot by Steven Stamkos.
3:00 of 2nd period - Stopped by Louis Domingue with a rebound.
3:41 of 2nd period - Derek Stepan is hit by Steven Stamkos.
4:27 of 2nd period - Icing by Derek Stepan.
4:28 of 2nd period - Derek Stepan wins face-off versus Tyler Johnson in Whalers zone.
4:39 of 2nd period - Slapshot by Phil Kessel.
4:39 of 2nd period - Stopped by Scott Darling without a rebound.
4:40 of 2nd period - Tyler Johnson wins face-off versus Austin Watson in Devils zone.
4:40 of 2nd period - Tyler Johnson is hit by BROCK BOESER.
4:46 of 2nd period - Wrist shot by Andrew Cogliano.
4:46 of 2nd period - Stopped by Louis Domingue with a rebound.
4:48 of 2nd period - Wrist shot by Tanner Pearson.
4:48 of 2nd period - Shot Misses the Net.
5:36 of 2nd period - Drake Caggiula is hit by Chris Conner and loses puck.
5:50 of 2nd period - Icing by Chris Conner.
5:51 of 2nd period - Austin Watson wins face-off versus Conor Sheary in Devils zone.
5:52 of 2nd period - Snap shot by BROCK BOESER.
5:52 of 2nd period - Stopped by Scott Darling with a rebound.
5:54 of 2nd period - Snap shot by Loui Eriksson.
5:54 of 2nd period - Stopped by Scott Darling with a rebound.
6:06 of 2nd period - Snap shot by BROCK BOESER.
6:06 of 2nd period - Shot Blocked by Conor Sheary.
6:49 of 2nd period - Slapshot by Jonny Brodzinski.
6:49 of 2nd period - Goal by Jonny Brodzinski - Devils : 2 - Whalers : 3.
6:50 of 2nd period - Austin Watson wins face-off versus Tyler Johnson in neutral zone.
7:05 of 2nd period - Wrist shot by Loui Eriksson.
7:05 of 2nd period - Goal by Loui Eriksson - Devils : 2 - Whalers : 4.
7:05 of 2nd period - Steve Mason enters game.
7:06 of 2nd period - Steven Stamkos wins face-off versus Derek Stepan in neutral zone.
8:02 of 2nd period - Snap shot by Scott Hartnell.
8:02 of 2nd period - Shot Misses the Net.
8:04 of 2nd period - Snap shot by Jonny Brodzinski.
8:04 of 2nd period - Stopped by Steve Mason without a rebound.
8:05 of 2nd period - Derek Stepan wins face-off versus Steven Stamkos in Devils zone.
8:10 of 2nd period - Snap shot by Derek Stepan.
8:10 of 2nd period - Stopped by Steve Mason with a rebound.
8:18 of 2nd period - Kris Versteeg is hit by Steven Stamkos and loses puck.
8:38 of 2nd period - Wrist shot by Andrew Cogliano.
8:38 of 2nd period - Shot Misses the Net.
8:40 of 2nd period - Snap shot by Shea Weber.
8:40 of 2nd period - Stopped by Louis Domingue without a rebound.
8:41 of 2nd period - Steven Stamkos wins face-off versus Austin Watson in Whalers zone.
8:52 of 2nd period - Wrist shot by T.J. Oshie.
8:52 of 2nd period - Stopped by Louis Domingue without a rebound.
8:53 of 2nd period - Steven Stamkos wins face-off versus Derek Stepan in Whalers zone.
9:57 of 2nd period - Minor Penalty to Matt Hunwick for Hooking.
9:58 of 2nd period - Steven Stamkos wins face-off versus Kris Versteeg in Devils zone.
10:06 of 2nd period - Steven Stamkos is hit by Brooks Orpik and loses puck.
11:00 of 2nd period - Dustin Byfuglien is hit by T.J. Oshie and loses puck.
11:27 of 2nd period - Snap shot by Brayden Point.
11:27 of 2nd period - Shot Misses the Net.
11:29 of 2nd period - Slapshot by Alexander Edler.
11:29 of 2nd period - Shot Hit the Post.
11:57 of 2nd period - Penalty to Matt Hunwick is over, Matt Hunwick is back on ice.
12:03 of 2nd period - Snap shot by Conor Sheary.
12:03 of 2nd period - Shot Misses the Net.
12:05 of 2nd period - Slapshot by Matt Hunwick.
12:05 of 2nd period - Stopped by Louis Domingue without a rebound.
12:06 of 2nd period - Lance Bouma wins face-off versus Conor Sheary in Whalers zone.
12:06 of 2nd period - Lance Bouma is hit by Conor Sheary.
12:28 of 2nd period - Wrist shot by Chris Conner.
12:28 of 2nd period - Stopped by Louis Domingue without a rebound.
12:29 of 2nd period - Steven Stamkos wins face-off versus Austin Watson in Whalers zone.
13:32 of 2nd period - Minor Penalty to Scott Hartnell for Hooking.
13:33 of 2nd period - Phil Kessel wins face-off versus Steven Stamkos in Whalers zone.
13:44 of 2nd period - Kris Russell is hit by Steven Stamkos and loses puck.
14:06 of 2nd period - Slapshot by Shea Weber.
14:06 of 2nd period - Shot Blocked by Kris Russell.
14:32 of 2nd period - Wrist shot by Nazem Kadri.
14:32 of 2nd period - Stopped by Louis Domingue with a rebound.
14:34 of 2nd period - Slapshot by Steven Stamkos.
14:34 of 2nd period - Stopped by Louis Domingue without a rebound.
14:35 of 2nd period - Tyler Johnson wins face-off versus Phil Kessel in Whalers zone.
14:38 of 2nd period - Snap shot by Andrew Cogliano.
14:38 of 2nd period - Shot Misses the Net.
15:32 of 2nd period - Penalty to Scott Hartnell is over, Scott Hartnell is back on ice.
15:52 of 2nd period - Wrist shot by BROCK BOESER.
15:52 of 2nd period - Stopped by Steve Mason without a rebound.
15:53 of 2nd period - Jonny Brodzinski wins face-off versus Conor Sheary in Devils zone.
16:35 of 2nd period - Slapshot by Conor Sheary.
16:35 of 2nd period - Shot Misses the Net.
16:37 of 2nd period - Slapshot by Nick Holden.
16:37 of 2nd period - Stopped by Louis Domingue with a rebound.
17:45 of 2nd period - Snap shot by Conor Sheary.
17:45 of 2nd period - Shot Hit the Post.
17:47 of 2nd period - Wrist shot by Chris Conner.
17:47 of 2nd period - Shot Blocked by Kris Versteeg.
17:53 of 2nd period - Snap shot by Linden Vey.
17:53 of 2nd period - Goal by Linden Vey - Devils : 3 - Whalers : 4.
17:54 of 2nd period - Steven Stamkos wins face-off versus Derek Stepan in neutral zone.
18:26 of 2nd period - Wrist shot by BROCK BOESER.
18:26 of 2nd period - Shot Misses the Net.
18:28 of 2nd period - Snap shot by BROCK BOESER.
18:28 of 2nd period - Shot Misses the Net.
18:30 of 2nd period - Snap shot by BROCK BOESER.
18:30 of 2nd period - Shot Misses the Net.
19:23 of 2nd period - Matt Hunwick is hit by Derek Stepan and loses puck.
Goals for this period are 2 for Devils vs 2 for Whalers.
Shots for this period are 13 for Devils vs 9 for Whalers.

3rd period


0:01 of 3rd period - Derek Stepan wins face-off versus T.J. Oshie in neutral zone.
0:04 of 3rd period - Slapshot by Dustin Byfuglien.
0:04 of 3rd period - Shot Misses the Net.
0:30 of 3rd period - Wrist shot by Tyler Johnson.
0:30 of 3rd period - Stopped by Louis Domingue without a rebound.
0:31 of 3rd period - Austin Watson wins face-off versus Tyler Johnson in Whalers zone.
0:31 of 3rd period - Austin Watson is hit by Tanner Pearson.
2:00 of 3rd period - Snap shot by Tyler Johnson.
2:00 of 3rd period - Deflect By Dustin Byfuglien.
2:00 of 3rd period - Shot Blocked by Loui Eriksson.
2:00 of 3rd period - Puck is out of play.
2:01 of 3rd period - Steven Stamkos wins face-off versus Derek Stepan in Whalers zone.
2:25 of 3rd period - Nazem Kadri is hit by Kris Versteeg and loses puck.
2:36 of 3rd period - Slapshot by T.J. Oshie.
2:36 of 3rd period - Shot Misses the Net.
2:46 of 3rd period - Wrist shot by Steven Stamkos.
2:46 of 3rd period - Stopped by Louis Domingue without a rebound.
2:47 of 3rd period - Jonny Brodzinski wins face-off versus Dominic Moore in Whalers zone.
3:02 of 3rd period - Wrist shot by Brayden Point.
3:02 of 3rd period - Stopped by Louis Domingue with a rebound.
3:30 of 3rd period - Icing by Linden Vey.
3:31 of 3rd period - Jonny Brodzinski wins face-off versus Conor Sheary in Devils zone.
3:32 of 3rd period - Wrist shot by Scott Hartnell.
3:32 of 3rd period - Shot Misses the Net.
3:34 of 3rd period - Wrist shot by Derek Stepan.
3:34 of 3rd period - Stopped by Steve Mason with a rebound.
3:36 of 3rd period - Slapshot by Brooks Orpik.
3:36 of 3rd period - Shot Blocked by Nick Holden.
3:38 of 3rd period - Slapshot by Dennis Wideman.
3:38 of 3rd period - Shot Blocked by Chris Conner.
3:40 of 3rd period - Wrist shot by Kris Versteeg.
3:40 of 3rd period - Shot Blocked by Ben Lovejoy.
3:42 of 3rd period - Slapshot by Dennis Wideman.
3:42 of 3rd period - Deflect By Derek Stepan.
3:42 of 3rd period - Deflect By Linden Vey.
3:42 of 3rd period - Shot Misses the Net.
3:42 of 3rd period - Puck is out of play.
3:43 of 3rd period - Steven Stamkos wins face-off versus Derek Stepan in Devils zone.
4:08 of 3rd period - Kris Russell is hit by Alexander Edler and loses puck.
5:37 of 3rd period - Snap shot by BROCK BOESER.
5:37 of 3rd period - Stopped by Steve Mason with a rebound.
5:55 of 3rd period - Snap shot by Scott Hartnell.
5:55 of 3rd period - Shot Misses the Net.
5:57 of 3rd period - Wrist shot by Scott Hartnell.
5:57 of 3rd period - Stopped by Steve Mason without a rebound.
5:58 of 3rd period - Steven Stamkos wins face-off versus Jonny Brodzinski in Devils zone.
6:10 of 3rd period - T.J. Oshie is hit by Ryan Callahan and loses puck.
6:47 of 3rd period - Wrist shot by Brayden Point.
6:47 of 3rd period - Shot Blocked by Kris Russell.
6:55 of 3rd period - Matt Hunwick is hit by Austin Watson and loses puck.
7:16 of 3rd period - Kris Russell is hit by Steven Stamkos and loses puck.
7:36 of 3rd period - Minor Penalty to Nick Holden for Tripping.
7:37 of 3rd period - Derek Stepan wins face-off versus Steven Stamkos in Devils zone.
9:36 of 3rd period - Penalty to Nick Holden is over, Nick Holden is back on ice.
9:40 of 3rd period - Tyler Johnson is hit by Dennis Wideman and loses puck.
9:45 of 3rd period - Snap shot by Scott Hartnell.
9:45 of 3rd period - Stopped by Steve Mason without a rebound.
9:46 of 3rd period - Danton Heinen wins face-off versus Lance Bouma in Devils zone.
9:53 of 3rd period - Snap shot by Shea Weber.
9:53 of 3rd period - Shot Misses the Net.
10:17 of 3rd period - Snap shot by Scott Hartnell.
10:17 of 3rd period - Shot Misses the Net.
10:35 of 3rd period - Wrist shot by Phil Kessel.
10:35 of 3rd period - Stopped by Steve Mason with a rebound.
12:22 of 3rd period - Wrist shot by Ryan Callahan.
12:22 of 3rd period - Deflect By Scott Hartnell.
12:22 of 3rd period - Shot Misses the Net.
12:22 of 3rd period - Puck is out of play.
12:23 of 3rd period - Steven Stamkos wins face-off versus Derek Stepan in Devils zone.
12:27 of 3rd period - Off-side.
12:28 of 3rd period - Derek Stepan wins face-off versus Steven Stamkos in neutral zone.
13:01 of 3rd period - Wrist shot by BROCK BOESER.
13:01 of 3rd period - Shot Misses the Net.
13:16 of 3rd period - Icing by Loui Eriksson.
13:17 of 3rd period - Lance Bouma wins face-off versus Dominic Moore in Whalers zone.
13:26 of 3rd period - Snap shot by Byron Froese.
13:26 of 3rd period - Shot Blocked by Brayden Point.
13:28 of 3rd period - Slapshot by Drake Caggiula.
13:28 of 3rd period - Shot Misses the Net.
13:30 of 3rd period - Wrist shot by Lance Bouma.
13:30 of 3rd period - Shot Misses the Net.
13:32 of 3rd period - Slapshot by Dennis Wideman.
13:32 of 3rd period - Goal by Dennis Wideman - Devils : 3 - Whalers : 5.
13:33 of 3rd period - Phil Kessel wins face-off versus Steven Stamkos in neutral zone.
13:38 of 3rd period - Slapshot by Derek Stepan.
13:38 of 3rd period - Stopped by Steve Mason with a rebound.
13:58 of 3rd period - Tyler Johnson is hit by Loui Eriksson and loses puck.
14:25 of 3rd period - Snap shot by Conor Sheary.
14:25 of 3rd period - Stopped by Louis Domingue without a rebound.
14:26 of 3rd period - Derek Stepan wins face-off versus T.J. Oshie in Whalers zone.
14:31 of 3rd period - Slapshot by Phil Kessel.
14:31 of 3rd period - Stopped by Steve Mason with a rebound.
14:51 of 3rd period - Ben Lovejoy is hit by Austin Watson and loses puck.
15:10 of 3rd period - BROCK BOESER is hit by Linden Vey.
15:23 of 3rd period - Wrist shot by Linden Vey.
15:23 of 3rd period - Stopped by Louis Domingue without a rebound.
15:24 of 3rd period - Derek Stepan wins face-off versus Nazem Kadri in Whalers zone.
15:29 of 3rd period - Shea Weber is hit by Dennis Wideman and loses puck.
16:12 of 3rd period - Tanner Pearson is hit by Jaycob Megna.
16:32 of 3rd period - Steven Stamkos is hit by BROCK BOESER and loses puck.
16:39 of 3rd period - Nazem Kadri is hit by Austin Watson and loses puck.
19:10 of 3rd period - Wrist shot by Austin Watson.
19:10 of 3rd period - Shot Misses the Net.
19:22 of 3rd period - Matt Hunwick is hit by Phil Kessel and loses puck.
19:52 of 3rd period - Snap shot by Jonny Brodzinski.
19:52 of 3rd period - Shot Misses the Net.
19:54 of 3rd period - Slapshot by Jonny Brodzinski.
19:54 of 3rd period - Goal by Jonny Brodzinski - Devils : 3 - Whalers : 6.
19:55 of 3rd period - Derek Stepan wins face-off versus Tyler Johnson in neutral zone.
Goals for this period are 0 for Devils vs 2 for Whalers.
Shots for this period are 5 for Devils vs 9 for Whalers.